 Dungeon Crawl Stone Soup version 0.24-a0-54-g776a2178cb (webtiles) character file.

Game seed: 6339368158633250288

158 Flugslaktarn the Chopper (level 5, 0/47 HPs)
             Began as a Minotaur Berserker on Feb 4, 2019.
             Was a Priest of Trog.
             Slain by Grinder (7 damage)
             ... while paralysed by Grinder
             ... on level 3 of the Dungeon.
             The game lasted 00:01:04 (2342 turns).

Flugslaktarn the Chopper (Minotaur Berserker)       Turns: 2342, Time: 00:01:04

Health: 0/47       AC:  2    Str: 23    XL:     5   Next: 16%
Magic:  4/4        EV:  2    Int:  4    God:    Trog [***...]
Gold:   170        SH:  0    Dex:  9    Spells: 4/4 levels left

rFire    . . .     SeeInvis .   d - +0 hand axe (chop)
rCold    . . .     Gourm    .   (no shield)
rNeg     . . .     Faith    .   b - +0 animal skin
rPois    .         Spirit   .   (helmet restricted)
rElec    .         Reflect  .   (no cloak)
rCorr    .         Harm     .   (no gloves)
MR       .....                  (no boots)
Stlth    +.........             (no amulet)
HPRegen  0.15/turn              (no ring)
MPRegen  0.09/turn              (no ring)

@: paralysed
A: retaliatory headbutt, horns 2
a: Berserk, Trog's Hand, Renounce Religion


You were on level 3 of the Dungeon.
You worshipped Trog.
Trog was most pleased with you.
You were very hungry.

You visited 1 branch of the dungeon, and saw 3 of its levels.

You collected 170 gold pieces.

Inventory:

Hand Weapons
 a - a +0 hand axe
 d - a +0 hand axe of chopping (weapon)
Armour
 b - a +0 animal skin (worn)
 o - a +0 large shield
Scrolls
 e - 3 scrolls of enchant armour {unknown}
 f - a scroll of immolation {unknown}
 h - a scroll of teleportation {unknown}
 j - 5 scrolls of identify {unknown}
 k - a scroll of amnesia {unknown}
 m - a scroll of noise {unknown}
 r - a scroll of fear {unknown}
Potions
 g - a potion of haste {unknown}
 i - a potion of resistance {unknown}
 l - a potion of degeneration {unknown}
 n - a potion of might {unknown}
 p - a potion of brilliance {unknown}
 q - a potion of heal wounds {unknown}
Comestibles
 c - 4 rations {@e1}


   Skills:
 + Level 4.7 Fighting
 * Level 5.6 Axes
 + Level 3.7 Armour
 - Level 2.3 Dodging


You had 4 spell levels left.
You didn't know any spells.
Your spell library was empty.

Dungeon Overview and Level Annotations

Branches:
Dungeon (3/15)

Altars:

Annotations:
D:3 Grinder


Innate Abilities, Weirdness & Mutations

You reflexively headbutt those who attack you in melee.
You have a pair of horns on your head.


Message History

Grinder is moderately wounded.
Grinder hits you.
You writhe in agony.
You completely miss Grinder. Your headbutt misses Grinder.
Grinder is moderately wounded.
Grinder hits you.
You hit Grinder.
Grinder is heavily wounded.
Grinder hits you.
You hit Grinder. You headbutt Grinder!
Grinder is severely wounded.
Grinder gestures at you.
You suddenly lose the ability to move!
Grinder hits you. x2
You writhe in agony.
Grinder hits you.
* * * LOW HITPOINT WARNING * * *
You writhe in agony.
* * * LOW HITPOINT WARNING * * *
Grinder hits you!
You die...

.# #########
#.#.#.#(##.### .#
##.#...#.##.# .#
#...#.##)##.# .#
##########......).##.#
.# .........#.....####
## ##.......##.#..# #
.........##....# #
####...........# #
......5@.###..## #
##..>....# ##.# #
.........# #..# #
########.. ..... #
#### ...#.. # #.######
# #. ..


You could see Grinder.

Vanquished Creatures
  Terence (D:3)
  Robin (D:3)
  A gnoll (D:1)
  3 adders
  An ooze (D:1)
  2 worms
  2 dart slugs
  3 leopard geckos
  16 goblins
  5 hobgoblins
  8 jackals (D:1)
  6 kobolds
  6 bats
  5 frilled lizards
  13 rats
73 creatures vanquished.

Notes
Turn   | Place    | Note
-------+----------+-------------------------------------------
     0 | D:1      | Flugslaktarn the Minotaur Berserker began the quest for the
                  | Orb.
     0 | D:1      | Reached XP level 1. HP: 19/19 MP: 0/0
    42 | D:1      | Reached XP level 2. HP: 22/27 MP: 1/1
    43 | D:1      | Reached skill level 4 in Axes
   368 | D:1      | Reached XP level 3. HP: 32/33 MP: 2/2
   566 | D:1      | Reached ** piety under Trog
   983 | D:2      | Reached XP level 4. HP: 40/40 MP: 3/3
  1189 | D:3      | Reached skill level 5 in Axes
  1378 | D:3      | Noticed Robin
  1389 | D:3      | Reached *** piety under Trog
  1400 | D:3      | Killed Robin
  1671 | D:3      | Noticed Terence
  1684 | D:3      | Killed Terence
  1684 | D:3      | Reached XP level 5. HP: 36/47 MP: 4/4
  2328 | D:3      | Noticed Grinder
  2338 | D:3      | Paralysed by Grinder for 7 turns
  2342 | D:3      | Slain by Grinder

Vault maps used:
D:1:      nagdon_arrival_zigzag_paths
D:2:      kennysheep_decorative_pillar
D:3:      serial_co_window_serial, co_window_of_opportunity_a,
          co_window_cross_1, co_window_paths_a, co_window_paths_a,
          co_window_corner_a, co_window_unsneaky_path_a, co_window_corner_b,
          co_window_unsneaky_path_c, co_window_paths_d, glass_columns_b,
          glass_columns_a, glass_columns_c, glass_columns_b, glass_columns_a,
          uniq_grinder, uniq_terence, uniq_robin, uniq_sigmund

Skill      XL: |  1  2  3  4 |
---------------+-------------+-----
Axes           | 4 5 |  5.6
Fighting       | 4 |  4.7
Armour         | 3 |  3.7
Dodging        | |  2.3

Action                   |  1- 3 |  4- 6 || total
-------------------------+-------+-------++-------
Melee: Hand axe          |    75 |    63 ||   138
       Headbutt          |    13 |    10 ||    23
  Eat: Chunk             |       |     3 ||     3
Armor: Animal skin       |    15 |     9 ||    24
Dodge: Dodged            |    66 |    33 ||    99

Table legend:
 A = Non-vault XP
 B = Vault XP
 C = Vault XP percentage of total XP
 D = Non-vault monster count
 E = Vault monster count
 F = Vault count percentage of total count
                 A         B        C        D         E       F
            +---------+---------+-------+---------+---------+-------
      Total |     156 |      71 |  31.3 |      59 |      14 |  19.2
            +---------+---------+-------+---------+---------+-------
        D:1 |      68 |       0 |   0.0 |      34 |       0 |   0.0
        D:2 |      38 |       0 |   0.0 |      13 |       0 |   0.0
        D:3 |      50 |      71 |  58.7 |      12 |      14 |  53.8
            +---------+---------+-------+---------+---------+-------
